 Dungeon Crawl Stone Soup version 0.21.1-1-g345015fe64 (webtiles) character file.

185 Lavandula the Chopper (level 5, -4/45 HPs)
             Began as a Centaur Berserker on June 3, 2018.
             Was a Believer of Trog.
             Killed from afar by Ijyb (24 damage)
             ... with a wand of acid (8)
             ... on level 4 of the Dungeon.
             The game lasted 00:04:36 (1119 turns).

Lavandula the Chopper (Centaur Berserker)           Turns: 1119, Time: 00:04:37

Health: -4/45      AC:  4    Str: 20    XL:     5   Next: 37%
Magic:  5/5        EV:  9    Int:  6    God:    Trog [**....]
Gold:   170        SH:  0    Dex:  9    Spells: 4/4 levels left

rFire    . . .     SeeInvis .   q - +0 war axe
rCold    . . .     Gourm    .   (no shield)
rNeg     . . .     Faith    .   k - +0 leather armour (curse)
rPois    .         Spirit   .   (no helmet)
rElec    .         Reflect  .   (no cloak)
rCorr    .         Harm     +   (no gloves)
MR       .....                  (no barding)
Stlth    ..........             f - amulet of harm
HPRegen  0.15/turn              (no ring)
MPRegen  0.09/turn              (no ring)

@: berserk cooldown, slowed
A: large, hooves 3, deformed body, speed 2, tough skin 3
a: Berserk, Trog's Hand, Burn Spellbooks, Renounce Religion


You were on level 4 of the Dungeon.
You worshipped Trog.
Trog was pleased with you.
You were not hungry.

You visited 1 branch of the dungeon, and saw 4 of its levels.

You collected 170 gold pieces.

Inventory:

Hand Weapons
 a - a +0 hand axe
 n - a cursed -3 blowgun
 q - a +0 war axe (weapon)
Missiles
 m - 2 tomahawks (quivered)
Armour
 k - a cursed +0 leather armour (worn)
Jewellery
 f - an amulet of harm (around neck)
Scrolls
 b - a scroll of magic mapping {unknown}
 h - a scroll of remove curse {unknown}
 o - 2 scrolls of identify {unknown}
 p - 2 scrolls of teleportation {unknown}
Potions
 d - a potion of cancellation {unknown}
 e - a potion of berserk rage {unknown}
 g - a potion of brilliance {unknown}
 i - a potion of curing {unknown}
 l - 2 potions of degeneration {unknown}
 r - a potion of heal wounds {unknown}
 s - a potion of might {unknown}
Comestibles
 c - 5 rations
 j - 3 chunks of flesh


   Skills:
 - Level 3.0 Fighting
 + Level 5.6 Axes
 - Level 1.3 Armour
 - Level 1.3 Dodging


You had 4 spell levels left.
You didn't know any spells.

Dungeon Overview and Level Annotations

Branches:
Dungeon (4/15)
 Temple: D:4-7

Altars:

Annotations:
D:4 Ijyb


Innate Abilities, Weirdness & Mutations

You have hooves in place of feet.
Armour fits poorly on your strangely shaped body.
You cover ground very quickly.
You have extremely tough skin. (AC +3)


Message History

You are no longer berserk.
You are exhausted.
You feel yourself slow down.
j - 5 chunks of flesh (gained 1) Eat one of 5 chunks of flesh? (ye/n/q)
You eat one of the 5 chunks of flesh.
This raw flesh tastes terrible.
You are feeling hungry.
Eat one of 4 chunks of flesh? (ye/n/q)
You eat one of the 4 chunks of flesh.
This raw flesh tastes terrible.
Found 9 gold pieces.
s - a dark potion You now have 170 gold pieces (gained 9).
You open the door.
Found a stone staircase leading up.
Ijyb the Twisted Goblin comes into view.
Ijyb shouts!
There is an open door here.
Ijyb zaps a wand.
The bolt of acid hits you!
Ouch! That really hurt!
You die...

.####...###.....#
###.####...###.....#
<......<....#......#
............#......#
............#......#
...........>#......#
.###..###...###....#
#.. ########'### #..
.......@...# #..
....g......#
...........#
#..........#
############


You could see Ijyb.

Vanquished Creatures
  A hound (D:4)
  Jessica (D:3)
  Terence (D:3)
  A worker ant (D:3)
  2 adders
  An ooze (D:3)
  A worm (D:2)
  A dart slug (D:2)
  2 orcs (D:3)
  5 bats
  3 giant cockroaches (D:3)
  4 goblins
  7 hobgoblins
  11 jackals
  3 kobolds (D:3)
  A quokka (D:2)
  2 ball pythons
  2 frilled lizards (D:3)
  A rat (D:2)
50 creatures vanquished.

Notes
Turn   | Place    | Note
-------+----------+-------------------------------------------
     0 | D:1      | Lavandula the Centaur Berserker began the quest for the Orb.
     0 | D:1      | Reached XP level 1. HP: 19/19 MP: 1/1
    46 | D:1      | Reached skill level 3 in Axes
    64 | D:2      | Reached XP level 2. HP: 14/26 MP: 2/2
   567 | D:2      | Reached XP level 3. HP: 29/31 MP: 3/3
   579 | D:2      | Reached skill level 4 in Axes
   713 | D:3      | Reached ** piety under Trog
   724 | D:3      | Reached XP level 4. HP: 27/38 MP: 4/4
   907 | D:3      | Noticed Terence
   913 | D:3      | Killed Terence
   913 | D:3      | Reached skill level 5 in Axes
   991 | D:3      | Noticed Jessica
   995 | D:3      | Killed Jessica
   995 | D:3      | Reached XP level 5. HP: 45/45 MP: 5/5
  1118 | D:4      | Noticed Ijyb
  1119 | D:4      | Killed from afar by Ijyb

Skill      XL: |  1  2  3  4 |
---------------+-------------+-----
Axes           | 3 4 5 |  5.6
Fighting       | |  3.0
Armour         | |  1.3
Dodging        | |  1.3

Action                   |  1- 3 |  4- 6 || total
-------------------------+-------+-------++-------
Melee: Hand axe          |    70 |    17 ||    87
       Kick              |    13 |    11 ||    24
       War axe           |       |    25 ||    25
Invok: Berserk           |     3 |     3 ||     6
  Eat: Chunk             |     1 |     5 ||     6
Armor: Animal skin       |    22 |       ||    22
       Leather armour    |     7 |    19 ||    26
Dodge: Dodged            |    44 |    26 ||    70
